 Dungeon Crawl Stone Soup version 0.30-a0-632-g346586fe48 (webtiles) character file.

Game seed: 1940402392860663950

320 Newt the Trooper (level 6, 0/48 HPs)
             Began as a Demonspawn Gladiator on Jan 13, 2023.
             Slain by a white imp (1 damage)
             ... on level 4 of the Dungeon.
             The game lasted 00:03:46 (2275 turns).

Newt the Trooper (Demonspawn Gladiator)             Turns: 2275, Time: 00:03:47

Health: 0/48       AC: -5    Str: 14    XL:     6   Next: 22%
Magic:  6/6        EV: 14    Int:  9    God:
Gold:   218        SH:  4    Dex: 15    Spells: 5/5 levels left

rFire   . . .      SeeInvis .    h - +3 dagger (venom)
rCold   + . .      Faith    .    (no shield)
rNeg    . . .      Spirit   .    b - +0 leather armour
rPois   .          Reflect  .    c - +0 helmet
rElec   .          Harm     .    (no cloak)
rCorr   .          Rampage  .    l - +0 pair of gloves
Will    .....                    o - +0 pair of boots
Stlth   ++                       (no amulet)
HPRegen 0.28/turn                u - ring of wizardry
MPRegen 0.10/turn                w - ring of protection from cold

@: corroded, unable to read
A: hooves 1, repulsion field 1, condensation shield, weak 1, inability to read
after injury 1
a: no special abilities


You were on level 4 of the Dungeon.
You visited 1 branch of the dungeon, and saw 4 of its levels.

You collected 218 gold pieces.

Inventory:

Hand Weapons
 a - a +0 rapier
 h - a +3 dagger of venom (weapon)
Missiles
 d - 3 throwing nets (quivered)
 g - a javelin
 q - 4 poisoned darts
Armour
 b - a +0 leather armour (worn)
 c - a +0 helmet (worn)
 l - a +0 pair of gloves (worn)
 o - a +0 pair of boots (worn)
Jewellery
 u - a ring of wizardry (left hand)
 w - a ring of protection from cold (right hand)
Wands
 p - a wand of roots (7)
Scrolls
 f - 2 scrolls of immolation
 j - 4 scrolls of teleportation
 k - a scroll of torment
 m - 2 scrolls of enchant armour
 t - a scroll of fear
Potions
 e - a potion of berserk rage
 i - a potion of heal wounds
 n - 2 potions of curing
 s - a potion of ambrosia
 x - a potion of resistance


   Skills:
 - Level 4.0 Fighting
 - Level 2.6 Short Blades
 - Level 1.7 Throwing
 + Level 3.5 Armour
 - Level 2.6 Dodging
 - Level 3.0 Stealth


You had 5 spell levels left.
You didn't know any spells.
Your spell library contained the following spells:

 Spells                   Type           Power      Damage    Failure   Level
 Freeze                   Ice            0%         1d3       21%         1
 Frozen Ramparts          Ice            0%         1d1       50%         3
 Hailstorm                Conj/Ice       0%         3d3       50%         3


Dungeon Overview and Level Annotations

Branches:
Dungeon (4/15)
 Temple: D:4-7

Altars:
Gozag
Sif Muna


Innate Abilities, Weirdness & Mutations

You have large cloven feet.
You are surrounded by a mild repulsion field. (EV +2)
A meltable shield of frost defends you. (SH +4)
You are weak. (Str -2)
You occasionally lose the ability to read scrolls when taking damage.


Message History

You have reached level 6!
Your demonic ancestry asserts itself...
Your feet thicken and deform.
You hit the jelly.
The jelly is poisoned.
The acid corrodes you!
Your hands burn!
The jelly is lightly wounded.
You hit the jelly.
The jelly looks as sick as possible!
Your hands burn!
The jelly is moderately wounded.
The white imp gestures at you. The puff of frost misses you.
The jelly hits you but does no damage.
You hit the jelly.
The jelly looks as sick as possible!
The acid corrodes you!
Your hands burn!
The jelly is heavily wounded.
The jelly hits you. The acid corrodes you!
You are splashed with acid!
You feel threatened and lose the ability to read scrolls!
The white imp hits you. The white imp freezes you. You resist.
* * * LOW HITPOINT WARNING * * *
You are too injured to fight recklessly!
You are too injured to fight recklessly!
You are too injured to fight recklessly!
You are too injured to fight recklessly!
You are too injured to fight recklessly!
You are too injured to fight recklessly!
You are too injured to fight recklessly!
Found a shimmering blue altar of Sif Muna.
You kill the jelly!
The white imp gestures at you. The puff of frost hits you. You resist.
* * * LOW HITPOINT WARNING * * *
The white imp gestures at you. The puff of frost hits you. You resist.
* * * LOW HITPOINT WARNING * * *
You hit the white imp but do no damage.
The white imp is poisoned.
The white imp gestures at you. The puff of frost hits you. You resist.
* * * LOW HITPOINT WARNING * * *
You hit the white imp but do no damage. The white imp hits you.
* * * LOW HITPOINT WARNING * * *
The white imp freezes you. You resist.
You die...

## #.# . .8.# ...
#####....
....#####........
......5@...[..8.#
..............#_
......###.###.#########
..<... #..##.#.......##
..... #.....#.........
. .....
#...††#.......## . ##..
#####.#.......#. . ###
#........)#. .#####
###.....#.#.


You could see a white imp (very poisoned).

Vanquished Creatures
  A jelly (D:4)
  A hound (D:4)
  An iguana (D:4)
  Natasha (thrice) (D:3)
  4 adders
  A gnoll (D:3)
  2 worms
  2 dart slugs
  4 orcs (D:3)
  14 bats
  8 endoplasms
  6 giant cockroaches
  10 goblins
  9 hobgoblins
  9 jackals
  2 quokkas (D:1)
  10 ball pythons
  2 frilled lizards
  5 kobolds
  8 rats
102 creatures vanquished.

Notes
Turn   | Place    | Note
-------+----------+-------------------------------------------
     0 | D:1      | Newt the Demonspawn Gladiator began the quest for the Orb.
     0 | D:1      | Reached XP level 1. HP: 16/16 MP: 1/1
    63 | D:1      | Reached skill level 1 in Stealth
    78 | D:1      | Gained mutation: A meltable shield of frost defends you.
                  | (SH +4) [demonic ancestry]
    78 | D:1      | Reached XP level 2. HP: 4/22 MP: 2/2
   525 | D:1      | Reached XP level 3. HP: 27/27 MP: 3/3
  1061 | D:2      | Reached XP level 4. HP: 34/34 MP: 4/4
  1070 | D:2      | Reached skill level 3 in Fighting
  1359 | D:3      | Noticed Natasha
  1368 | D:3      | Killed Natasha
  1465 | D:3      | Noticed Natasha
  1475 | D:3      | Killed Natasha
  1476 | D:3      | Reached skill level 4 in Fighting
  1476 | D:3      | Gained mutation: You are surrounded by a mild repulsion
                  | field. (EV +2) [demonic ancestry]
  1476 | D:3      | Reached XP level 5. HP: 30/42 MP: 5/5
  1567 | D:3      | Noticed Natasha
  1575 | D:3      | Killed Natasha
  1576 | D:3      | Reached skill level 1 in Armour
  2083 | D:4      | Found an opulent altar of Gozag.
  2176 | D:4      | Gained mutation: Your system is resistant to poisons.
                  | (rPois) [potion of mutation]
  2177 | D:4      | Lost mutation: Your system is resistant to poisons. (rPois)
                  | [potion of mutation]
  2177 | D:4      | Gained mutation: You are vulnerable to cold. (rC-) [potion
                  | of mutation]
  2178 | D:4      | Lost mutation: You are vulnerable to cold. (rC-) [potion of
                  | mutation]
  2178 | D:4      | Gained mutation: You occasionally lose the ability to read
                  | scrolls when taking damage. [potion of mutation]
  2178 | D:4      | Gained mutation: You are weak. (Str -2) [potion of
                  | mutation]
  2269 | D:4      | Gained mutation: You have large cloven feet. [demonic
                  | ancestry]
  2269 | D:4      | Reached XP level 6. HP: 40/48 MP: 6/6
  2272 | D:4      | Found a shimmering blue altar of Sif Muna.
  2275 | D:4      | HP: 1/48 [white imp (3)]
  2275 | D:4      | Slain by a white imp

Illustrated notes

Levels and vault maps discovered:
D:1:      shiori_arrival_elements, layout_basic, amcnicky_mini_pool_small
D:2:      layout_rooms
D:3:      minmay_bubble_buster, layout_rooms, uniq_natasha
D:4:      minmay_octagon_keep, layout_basic, lemuel_tele_altar, minitemple

Skill      XL: |  1  2  3  4  5 |
---------------+----------------+-----
Stealth        | 1 2 3 |  3.0
Fighting       | 4 |  4.0
Armour         | 3 |  3.5
Short Blades   | |  2.6
Throwing       | |  1.7
Dodging        | |  2.6

Action                   |  1- 3 |  4- 6 || total
-------------------------+-------+-------++-------
Melee: Rapier            |    71 |       ||    71
       Dagger            |    89 |   154 ||   243
       Punch             |       |     2 ||     2
Throw: Javelin           |     1 |       ||     1
  Use: Scroll            |     5 |     9 ||    14
       Potion            |       |     3 ||     3
 Stab: Sleeping          |     3 |     4 ||     7
       Distracted        |     1 |       ||     1
Armor: Leather armour    |    64 |    53 ||   117
Dodge: Dodged            |   165 |    94 ||   259
Block: Other             |    35 |    30 ||    65

Table legend: (Time is in decaauts)
 A = Elapsed time spent in this place.
 B = Non-inter-level travel time spent in this place.
 C = Inter-level travel time spent in this place.
 D = Time resting spent in this place.
 E = Time spent auto-exploring this place.
 F = Levels seen in this place.
 G = Mean time per level.
                   A        B        C        D        E       F      G
               +--------+--------+--------+--------+--------+-----+--------+
         Total |   2247 |   2193 |     54 |    154 |   1418 |   4 |  561.8 |
       Dungeon |   2247 |   2193 |     54 |    154 |   1418 |   4 |  561.8 |
               +--------+--------+--------+--------+--------+-----+--------+

Top non-repeatable levels by time:
     D:1: 815 daAuts
     D:3: 710 daAuts
     D:2: 508 daAuts
     D:4: 213 daAuts
